 Dungeon Crawl Stone Soup version 0.26-a0-597-gb535b0901c (webtiles) character file.

Game seed: 12798490714526433246

(classic levelgen) 490 EnegeticOcto the Chopper (level 6, 57/57 HPs)
             Began as a Deep Dwarf Fighter on Aug 26, 2020.
             Was a Follower of Okawaru.
             Quit the game on level 5 of the Dungeon.
             The game lasted 00:01:27 (1842 turns).

EnegeticOcto the Chopper (Deep Dwarf Fighter)       Turns: 1842, Time: 00:01:28

Health: 57/57      AC:  9    Str: 22    XL:     6   Next: 90%
Magic:  5/5        EV:  5    Int:  8    God:    Okawaru [*.....]
Gold:   155        SH: 10    Dex: 12    Spells: 5/5 levels left

rFire    . . .     SeeInvis .   a - +0 war axe
rCold    . . .     Faith    .   c - +0 kite shield
rNeg     . . .     Spirit   .   e - +0 chain mail
rPois    .         Reflect  .   (no helmet)
rElec    .         Harm     .   f - scarf {+Inv}
rCorr    .                      (no gloves)
MR       .....                  (no boots)
Stlth    ..........             n - amulet of the acrobat
HPRegen  0.00/turn              (no ring)
MPRegen  0.09/turn              (no ring)

@: non-regenerating
A: damage resistance, heal wounds, sense surroundings 1, no regeneration
a: Heal Wounds, Heroism, Renounce Religion, Evoke Invisibility


You were on level 5 of the Dungeon.
You worshipped Okawaru.
Okawaru was aware of your devotion.
You visited 2 branches of the dungeon, and saw 6 of its levels.

You collected 155 gold pieces.

Inventory:

Hand Weapons
 a - a +0 war axe (weapon)
Armour
 c - a +0 kite shield (worn)
 e - a +0 chain mail (worn)
 f - a scarf of invisibility (worn)
Jewellery
 n - an amulet of the acrobat (around neck)
Wands
 b - a wand of flame (27) {@v4}
Scrolls
 g - a scroll of blinking {unknown}
 h - a scroll of remove curse {unknown}
 i - 2 scrolls of identify {unknown}
 j - a scroll of random uselessness {unknown}
 k - a scroll of immolation {unknown}
 o - a scroll of enchant weapon {unknown}
Potions
 d - a potion of might {@q3}
 l - a potion of degeneration {unknown}
 m - a potion of cancellation {unknown}


   Skills:
 + Level 4.0 Fighting
 * Level 5.4 Axes
 + Level 4.8 Armour
 - Level 4.1 Shields
 + Level 2.6 Invocations


You had 5 spell levels left.
You didn't know any spells.
Your spell library was empty.

Dungeon Overview and Level Annotations

Branches:
Dungeon (5/15)             Temple (1/1) D:4

Altars:
Ashenzari
Cheibriados
Dithmenos
Elyvilon
Fedhas
Gozag
Hepliaklqana
Kikubaaqudgha
Nemelex Xobeh
Okawaru
Qazlal
Ru
Sif Muna
Trog
Uskayaw
Wu Jian
Yredelemnul


Innate Abilities, Weirdness & Mutations

You are resistant to damage.
You can heal yourself by infusing magical energy.
You passively map a small area around you.
You do not regenerate.


Message History

A phantom is nearby!
A phantom is nearby!
A phantom is nearby!
A phantom is nearby!
A phantom is nearby!
A phantom is nearby!
A phantom is nearby!
Your magical essence is drained by the effort!
You feel much better.
You feel very sick.
A phantom is nearby!
A phantom is nearby!
You feel sick.
You feel very sick. The phantom misses you.
You hit the phantom.
The phantom is moderately damaged.
You feel very sick.
The phantom hits you but does no damage.
Your shield and chain mail prevent you from hitting the phantom.
The phantom is moderately damaged.
You feel sick. You block the phantom's attack. x2
You barely miss the phantom.
The phantom is moderately damaged.
You feel sick. You block the phantom's attack.
You closely miss the phantom.
The phantom is moderately damaged.
You block the phantom's attack.
You hit the phantom.
The phantom is heavily damaged.
The phantom hits you but does no damage.
You hit the phantom.
The phantom is heavily damaged.
You block the phantom's attack. The phantom hits you.
You closely miss the phantom.
The phantom is heavily damaged.
You block the phantom's attack.
You hit the phantom but do no damage.
The phantom is heavily damaged.
The phantom hits you.
The phantom blinks!
You block the phantom's attack.
You hit the phantom.
The phantom is severely damaged.
The phantom hits you but does no damage.
You block the phantom's attack.
You closely miss the phantom.
The phantom is severely damaged.
The phantom hits you but does no damage.
You closely miss the phantom.
The phantom is severely damaged.
The phantom hits you but does no damage.
You closely miss the phantom.
The phantom is severely damaged.
You block the phantom's attack. x2
You hit the phantom.
The phantom is severely damaged.
The phantom barely misses you.
You closely miss the phantom.
The phantom is severely damaged.
The phantom hits you but does no damage.
You hit the phantom.
The phantom is severely damaged.
The phantom barely misses you.
You barely miss the phantom.
The phantom is severely damaged.
The phantom hits you. You block the phantom's attack.
Your chain mail prevents you from hitting the phantom.
The phantom is severely damaged.
The phantom blinks!
You block the phantom's attack.
You closely miss the phantom.
The phantom is severely damaged.
The phantom blinks!
The phantom blinks!
You see here a +0 trident of venom.
You closely miss the phantom.
The phantom is severely damaged.
The phantom blinks!
You hit the phantom but do no damage.
The phantom is severely damaged.
The phantom hits you.
The phantom blinks!
Your shield prevents you from hitting the phantom.
The phantom is severely damaged.
The phantom hits you.
The phantom blinks!
The phantom blinks!
You block the phantom's attack.
You slash the phantom!
The phantom is almost destroyed.
The phantom blinks!
You slash the phantom!
You destroy the phantom!
Okawaru is honoured by your kill.
Your Fighting skill increases to level 4!
No target in view!
No target in view!
No target in view!
You are no longer poisoned.
You feel much better.
No target in view!
Are you sure you want to abandon this character and quit the game? (Confirm with "yes".)

....##+............#,
.....#..P..##.^....# ,
........≈..##......#
,,
###....P≈P..#......#,
>....⌠......#......# ,
,
............#......+,
............#......#
............#......#
....####...# #.@..#
...<####...#* #[...##
..............#.....#,
............>.#....##
..............#.....#
*
>............##.....#
....##.......##....##
....##.......##.)...#
....##.......##)....#


There were no monsters in sight!

Vanquished Creatures
  A phantom (D:5)
  A scorpion (D:5)
  A howler monkey (D:4)
  A bullfrog zombie (D:5)
  A hound (D:5)
  A jelly (D:5)
  An orc wizard (D:4)
  An orc priest (D:5)
  Terence (D:3)
  A worker ant zombie (D:5)
  A howler monkey skeleton (D:4)
  6 adders
  A white imp (D:5)
  An ufetubus (D:5)
  8 orcs
  2 ball pythons (D:4)
  A bat (D:1)
  3 giant cockroaches
  2 goblins (D:3)
  A hobgoblin (D:3)
  5 jackals
  2 quokkas (D:3)
  4 frilled lizards
  3 kobolds
  A leopard gecko skeleton (D:5)
  2 quokka zombies (D:5)
  3 rats
56 creatures vanquished.

Notes
Turn   | Place    | Note
-------+----------+-------------------------------------------
     0 | D:1      | EnegeticOcto the Deep Dwarf Fighter began the quest for the
                  | Orb.
     0 | D:1      | Reached XP level 1. HP: 20/20 MP: 1/1
   147 | D:2      | Found a snail-covered altar of Cheibriados.
   162 | D:2      | Reached XP level 2. HP: 16/27 MP: 2/2
   281 | D:2      | Reached skill level 3 in Axes
   319 | D:3      | Noticed Terence
   326 | D:3      | Reached XP level 3. HP: 28/33 MP: 2/2
   328 | D:3      | Killed Terence
   344 | D:3      | Found a sacrificial altar of Ru.
   463 | D:3      | Reached XP level 4. HP: 34/42 MP: 3/3
   683 | D:4      | Found a shadowy altar of Dithmenos.
   733 | D:4      | Reached skill level 4 in Axes
   840 | D:4      | Reached XP level 5. HP: 46/49 MP: 4/4
   844 | D:4      | Found a staircase to the Ecumenical Temple.
   932 | Temple   | Entered the Ecumenical Temple
  1076 | Temple   | Became a worshipper of Warmaster Okawaru
  1490 | D:5      | Entered Level 5 of the Dungeon
  1512 | D:5      | Reached skill level 1 in Invocations
  1577 | D:5      | Reached XP level 6. HP: 48/56 MP: 4/6
  1703 | D:5      | Reached skill level 5 in Axes
  1782 | D:5      | Reached * piety under Okawaru
  1842 | D:5      | Quit the game

Illustrated notes

Levels and vault maps discovered:
D:1:      zelgadis_glass_arrival_small, layout_basic, st_stairs_9,
          chequers_serial_rivers_micro_c, minmay_cut_off
D:2:      layout_loops_ring, lemuel_coloured_pillars_altar, cheibriados_altar_1,
          grunt_temple_overflow_order_and_chaos_2
D:3:      layout_basic, minivault_27, chequers_serial_rivers_room_a,
          nicolae_ru_awakened_eye, uniq_terence
D:4:      layout_basic, minmay_temple_entry_drinking_statues,
          nicolae_dithmenos_through_a_glass_darkly
D:5:      layout_gridville, tso_oasis_becter
Temple:   eino_temple_rhombus

Skill      XL: |  1  2  3  4  5  6 |
---------------+-------------------+-----
Axes           | 3 4 5 |  5.4
Fighting       | 3 4 |  4.0
Armour         | 4 |  4.8
Shields        | 4 |  4.1
Invocations    | 1 2 |  2.6

Action                   |  1- 3 |  4- 6 || total
-------------------------+-------+-------++-------
Melee: War axe           |    51 |   156 ||   207
 Abil: Heal Wounds       |     1 |     7 ||     8
Armor: Scale mail        |    21 |       ||    21
       Chain mail        |    18 |    89 ||   107
Dodge: Dodged            |    25 |    38 ||    63
Block: Kite shield       |    28 |   103 ||   131

Table legend: (Time is in decaauts)
 A = Elapsed time spent in this place.
 B = Non-inter-level travel time spent in this place.
 C = Inter-level travel time spent in this place.
 D = Time resting spent in this place.
 E = Time spent auto-exploring this place.
 F = Levels seen in this place.
 G = Mean time per level.
                   A        B        C        D        E       F      G
               +--------+--------+--------+--------+--------+-----+--------+
         Total |   1918 |   1798 |    120 |      0 |   1319 |   6 |  319.7 |
       Dungeon |   1758 |   1668 |     90 |      0 |   1190 |   5 |  351.6 |
        Temple |    160 |    131 |     29 |      0 |    129 |   1 |  160.0 |
               +--------+--------+--------+--------+--------+-----+--------+

Top non-repeatable levels by time:
     D:4: 738 daAuts
     D:5: 383 daAuts
     D:3: 302 daAuts
     D:2: 179 daAuts
  Temple: 160 daAuts
     D:1: 154 daAuts
